 Dungeon Crawl Stone Soup version 0.19.5 (webtiles) character file.

15432 Kosschaser the Severer (level 12, -8/110 HPs)
             Began as a Hill Orc Berserker on May 25, 2017.
             Was a Priest of Trog.
             Mangled by a minotaur
             ... wielding the +5 lajatang of Turmoil {freeze, Str+4 SInv}
              (13 damage)
             ... in a labyrinth on May 26, 2017.
             The game lasted 00:38:59 (11071 turns).

Kosschaser the Severer (Hill Orc Berserker)        Turns: 11071, Time: 00:39:00

Health: -8/110     AC: 13    Str: 25    XL:     12   Next: 26%
Magic:  0/12       EV: 16    Int:  7    God:    Trog [***...]
Gold:   618        SH:  0    Dex: 12    Spells: 0 memorised, 11 levels left

rFire  . . .     SeeInvis .     K - +0 battleaxe
rCold  . . .     Gourm    .     y - +0 scale mail
rNeg   . . .     Faith    .     (shield currently unavailable)
rPois  .         Spirit   +     l - +2 helmet
rElec  .         Reflect  .     (no cloak)
rCorr  .         Harm     .     d - +0 pair of gloves
MR     ++...                    (no boots)
Stlth  ..........               e - amulet of guardian spirit
                                (no ring)
                                m - +4 ring of evasion

@: regenerating
A: hooves 2, agile 1, no device heal 1
a: Berserk, Trog's Hand, Burn Spellbooks, Renounce Religion


You were in a labyrinth.
You worshipped Trog.
Trog was most pleased with you.
You were hungry.

You visited 3 branches of the dungeon, and saw 13 of its levels.
You also visited: Labyrinth.

You collected 618 gold pieces.

Inventory:

Hand Weapons
 K - a +0 battleaxe (weapon)
Armour
 d - a +0 pair of gloves (worn)
 l - a +2 helmet (worn)
 y - a +0 scale mail (worn)
Jewellery
 e - an amulet of guardian spirit (around neck)
 m - a +4 ring of evasion (left hand)
 J - an uncursed ring of ice {unknown}
Wands
 s - a wand of flame (23/48)
 B - a wand of teleportation (8/9)
 C - a wand of lightning (6/15)
 H - a wand of flame (23/48)
Scrolls
 b - a scroll of noise {unknown}
 f - a scroll of vulnerability {unknown}
 j - 7 scrolls of remove curse
 p - 5 scrolls of amnesia
 q - a scroll of enchant weapon
 t - 3 scrolls of fear {unknown}
 v - 4 scrolls of teleportation
 z - a scroll of blinking {unknown}
 A - a scroll of recharging {unknown}
 G - 2 scrolls of magic mapping
 I - a scroll of silence
Potions
 g - 2 potions of heal wounds
 h - a potion of invisibility
 k - 3 potions of haste {unknown}
 r - a potion of agility {unknown}
 u - 6 potions of curing {unknown}
 w - 5 potions of degeneration {unknown}
 x - 3 potions of brilliance {unknown}
 D - 2 potions of lignification {unknown}
 E - a potion of beneficial mutation {unknown}
 F - 2 potions of resistance {unknown}
Comestibles
 c - 11 bread rations
 i - 7 meat rations
 n - a beef jerky
 o - 34 fruits


   Skills:
 + Level 11.2 Fighting
 + Level 17.6 Axes
 + Level 9.1 Armour
 + Level 5.0 Dodging
 + Level 2.0 Stealth


You had 11 spell levels left.
You didn't know any spells.

Dungeon Overview and Level Annotations

Branches:
Dungeon (9/15)             Temple (0/1) D:4            Lair (4/6) D:8
 Shoals (0/4) Lair:4       Spider (0/4) Lair:4          Orc (1/2) D:9

Altars:
Ashenzari
Fedhas
Hepliaklqana
Makhleb
Okawaru
Sif Muna
Vehumet
Zin
Beogh

Shops:
D:6 [


Innate Abilities, Weirdness & Mutations

You have hoof-like feet.
You are agile. (Dex +2)
Potions and wands are less effective at restoring your health.


Message History

You feel resistant to hostile enchantments.
You are feeling hungry.
The minotaur hits you with a crude lajatang {freeze}!!
The minotaur freezes you.
The minotaur gores you but does no damage.
You fail to use your ability.
The minotaur hits you with a crude lajatang {freeze}!!
* * * LOW HITPOINT WARNING * * *
The minotaur freezes you!
* * * LOW HITPOINT WARNING * * *
The minotaur gores you but does no damage.
Your polar bear goes berserk!
You feel quite a bit more hungry.
You can no longer call in reinforcements.
The minotaur hits you with a crude lajatang {freeze}!!
* * * LOW HITPOINT WARNING * * *
The minotaur freezes you!
* * * LOW HITPOINT WARNING * * *
The minotaur gores you!
You die...

...#.#. #.# ##
## . ## #. . ..
## ## .# . # #
#≈ #. #. .... ÷
#≈≈.#.########.
. #
#≈<...'..#.#...
... .
#≈≈.#.#.##.###.#
### # #≈
#.#...H@.#.# .
.## ####..#.#h#
#
..........#.#.#.
...###.####### #
# #
#.........#.. #
## .#####.###
### #.. #....
..# . # ## #.#
### # # # .#


You could see a minotaur and a friendly polar bear (berserk).

Vanquished Creatures
  A deep elf mage (D:9)
  3 black mambas
  8 spiny frogs
  A komodo dragon (Lair:2)
  A troll (D:6)
  5 slime creatures (D:8)
  4 hippogriffs
  6 blink frogs
  14 yaks
  A wyvern (Lair:2)
  A hungry ghost (D:9)
  A basilisk (Lair:2)
  6 water moccasins
  6 orc warriors
  2 sky beasts
  6 ogres
  2 ice beasts
  A phantom (D:4)
  9 wolves
  3 centaurs
  8 crocodiles
  2 big kobolds
  6 bullfrogs
  Blork the orc (D:5)
  4 scorpions
  3 killer bees (D:8)
  A howler monkey (D:4)
  A centaur zombie (D:5)
  2 crimson imps
  A jelly (D:9)
  A bullfrog zombie (D:7)
  3 hounds
  2 bullfrog skeletons
  12 orc priests
  4 iguanas
  5 orc wizards
  9 worker ants
  2 hound skeletons
  A worker ant zombie (D:7)
  11 adders
  7 gnolls
  2 howler monkey skeletons
  2 river rats (D:8)
  4 shadow imps
  2 adder skeletons
  2 worms
  A dart slug (D:4)
  6 leopard geckos
  36 orcs
  13 bats
  A giant cockroach (D:2)
  5 goblins
  8 hobgoblins
  9 jackals
  3 quokkas
  5 frilled lizards
  6 kobolds
  A quokka skeleton (D:9)
  21 rats
  3 fungi
  A plant (D:8)
298 creatures vanquished.

Vanquished Creatures (others)
  9 fungi (D:8)
  A plant (D:8)
10 creatures vanquished.

Grand Total: 308 creatures vanquished

Notes
Turn   | Place    | Note
-------+----------+-------------------------------------------
     0 | D:1      | Kosschaser the Hill Orc Berserker began the quest for the Orb.
     0 | D:1      | Reached XP level 1. HP: 19/19 MP: 1/1
     6 | D:1      | Noticed a soldier ant
     6 | D:1      | Noticed a basilisk
     7 | D:1      | Noticed a yaktaur
    91 | D:1      | Reached XP level 2. HP: 14/27 MP: 0/2
   467 | D:2      | Reached XP level 3. HP: 18/33 MP: 3/3
   786 | D:2      | Reached skill level 5 in Axes
  1000 | D:2      | Found a burning altar of Makhleb.
  1062 | D:2      | Reached XP level 4. HP: 41/41 MP: 4/4
  1077 | D:2      | Reached ** piety under Trog
  1170 | D:2      | Found a hazy altar of Hepliaklqana.
  2220 | D:3      | Reached XP level 5. HP: 47/47 MP: 5/5
  2296 | D:3      | Found a radiant altar of Vehumet.
  2320 | D:3      | Found a deep blue altar of Sif Muna.
  2603 | D:4      | Found a staircase to the Ecumenical Temple.
  2633 | D:4      | Reached skill level 6 in Axes
  2649 | D:4      | Reached skill level 5 in Fighting
  2650 | D:4      | Reached XP level 6. HP: 56/56 MP: 4/6
  2737 | D:4      | Reached *** piety under Trog
  2860 | D:4      | Reached skill level 1 in Stealth
  2947 | D:4      | Reached skill level 7 in Axes
  2951 | D:4      | Noticed a phantom
  2987 | D:4      | Killed a phantom
  2987 | D:4      | Reached XP level 7. HP: 54/61 MP: 5/7
  3256 | D:5      | Entered Level 5 of the Dungeon
  3537 | D:5      | Reached skill level 8 in Axes
  3590 | D:5      | Noticed Blork the orc
  3605 | D:5      | Killed Blork the orc
  3608 | D:5      | Reached XP level 8. HP: 51/71 MP: 5/8
  3983 | D:5      | Found a glowing silver altar of Zin.
  4134 | D:6      | Noticed a troll
  4144 | D:6      | Killed a troll
  4144 | D:6      | Reached skill level 9 in Axes
  4263 | D:6      | Gained mutation: You have large cloven feet. [mutagenic meat]
  4266 | D:6      | Gained mutation: You are agile. (Dex +2) [mutagenic meat]
  4267 | D:6      | Gained mutation: Potions and wands are less effective at restoring your health. [mutagenic meat]
  4322 | D:6      | Found Quwir's Antique Armour Shop.
  4431 | D:6      | Reached skill level 10 in Axes
  4952 | D:7      | Reached skill level 5 in Armour
  4952 | D:7      | Reached XP level 9. HP: 50/79 MP: 4/9
  5119 | D:7      | Reached **** piety under Trog
  5121 | D:7      | Reached skill level 11 in Axes
  5379 | D:8      | Reached skill level 12 in Axes
  5480 | D:8      | Reached XP level 10. HP: 30/89 MP: 4/10
  5747 | D:8      | Reached skill level 13 in Axes
  6132 | D:8      | Found a staircase to the Lair.
  6503 | D:8      | Found a blossoming altar of Fedhas.
  6716 | D:9      | Reached skill level 14 in Axes
  6889 | D:9      | Found a roughly hewn altar of Beogh.
  7053 | D:9      | Found a staircase to the Orcish Mines.
  7348 | Orc:1    | Entered Level 1 of the Orcish Mines
  7388 | Orc:1    | Noticed an orc sorcerer
  7388 | Orc:1    | Noticed an orc warlord
  7529 | D:9      | Found a shattered altar of Ashenzari.
  7583 | D:9      | Gained mutation: You have hoof-like feet. [mutagenic meat]
  7835 | D:9      | Reached skill level 15 in Axes
  7930 | D:9      | Noticed a deep elf mage
  7945 | D:9      | Killed a deep elf mage
  7945 | D:9      | Reached XP level 11. HP: 94/99 MP: 11/11
  8075 | Lair:1   | Entered Level 1 of the Lair of Beasts
  8302 | Lair:1   | Found an iron altar of Okawaru.
  8473 | Lair:1   | Reached skill level 16 in Axes
  8474 | Lair:1   | Reached skill level 10 in Fighting
  9660 | Lair:2   | Reached skill level 17 in Axes
  9714 | Lair:2   | Reached XP level 12. HP: 36/108 MP: 7/12
 10068 | Lair:2   | Reached skill level 5 in Dodging
 10463 | Lair:2   | You fall through a shaft for 2 floors!
 10516 | Lair:4   | Found a labyrinth entrance.
 10525 | Lab      | Entered a labyrinth
 11060 | Lab      | Noticed a minotaur
 11071 | Lab      | HP: 5/110 [minotaur/crude lajatang {freeze} (6)]
 11071 | Lab      | Identified the +5 lajatang of Turmoil {freeze, Str+4 SInv}
 11071 | Lab      | Mangled by a minotaur

Skill      XL: |  1  2  3  4  5  6  7  8  9 10 11 12 |
---------------+-------------------------------------+-----
Fighting       | 4 5 6 7 8 9 10 11 | 11.2
Axes           | 5 6 7 8 10 12 15 17 | 17.6
Dodging        | 2 3 4 5 |  5.0
Stealth        | 1 2 |  2.0
Armour         | 3 5 6 7 8 9 |  9.1

Action                   |  1- 3 |  4- 6 |  7- 9 | 10-12 || total
-------------------------+-------+-------+-------+-------++-------
Melee: Hand axe          |    63 |   220 |   208 |       ||   491
       Broad axe         |       |       |   128 |   229 ||   357
       Kick              |       |       |    50 |   153 ||   203
       Battleaxe         |       |       |       |   275 ||   275
Invok: Berserk           |     1 |     2 |     4 |     6 ||    13
       Trog's Hand       |       |       |       |     6 ||     6
       Burn Spellbooks   |       |       |       |     1 ||     1
       Brothers in Arms  |       |       |       |     1 ||     1
  Use: Scroll            |       |       |     3 |    12 ||    15
 Stab: Sleeping          |       |     1 |       |       ||     1
  Eat: Chunk             |     1 |     7 |    16 |    25 ||    49
       Fruit             |       |       |       |     4 ||     4
       Pizza             |       |       |       |     1 ||     1
Armor: Animal skin       |    18 |    39 |       |       ||    57
       Scale mail        |       |    52 |   109 |   144 ||   305
Dodge: Dodged            |    50 |   142 |   264 |   369 ||   825
